 Seeded DCSS version 0.30.1 (webtiles) character file.

Game seed: 7229806256980976716 (custom seed)

152 McKennaii the Firebug (level 4, -1/33 HPs)
             Began as a Demigod Fire Elementalist on July 13, 2023.
             Slain by a wyvern zombie (8 damage)
             ... on level 3 of the Dungeon.
             The game lasted 00:04:27 (3445 turns).

McKennaii the Firebug (Demigod Fire Elementalist)   Turns: 3445, Time: 00:04:28

Health: -1/33      AC:  7    Str:  9    XL:     4   Next: 87%
Magic:  17/20      EV: 12    Int: 26    God:
Gold:   138        SH:  0    Dex: 14    Spells: 6/9 levels left

rFire   . . .        f - +3 Elemental Staff {rElec rF+ rC+ AC+3}
rCold   + + .        (no shield)
rNeg    + . .        a - +0 robe
rPois   .            g - +0 helmet {Int+3}
rElec   +            (no cloak)
rCorr   .            q - +0 pair of gloves
SInv    .            (no boots)
Will    .....        (no amulet)
Stlth   ++           e - ring "Tyopn" {Ice rElec rN+ MP+9 Int+2}
HPRegen 0.25/turn    (no ring)
MPRegen 0.17/turn

%: no passive effects
@: no status effects
A: high MP 1, forlorn, divine attributes
a: no special abilities


You were on level 3 of the Dungeon.
You visited 1 branch of the dungeon, and saw 3 of its levels.

You collected 138 gold pieces.

Inventory:

Hand Weapons
 f - the +3 Elemental Staff (weapon) {rElec rF+ rC+ AC+3}
   (You acquired it on level 1 of the Dungeon)

   It enhances your fire, ice, earth and air magic.
   AC:        It affects your AC (+3).
   rF:        It protects you from fire.
   rC:        It protects you from cold.
   rElec:     It insulates you from electricity.
Missiles
 d - a throwing net
Armour
 a - a +0 robe (worn)
 g - a +0 helmet of intelligence (worn)
 q - a +0 pair of gloves (worn)
Jewellery
 e - the ring "Tyopn" (left hand) {Ice rElec rN+ MP+9 Int+2}
   (You acquired it on level 1 of the Dungeon)

   [ring of ice]

   It enhances your ice magic.
   Int:       It affects your intelligence (+2).
   rF:        It makes you vulnerable to fire.
   rC:        It protects you from cold.
   rElec:     It insulates you from electricity.
   rN:        It protects you from negative energy.
   MP:        It affects your magic capacity (+9).
Scrolls
 c - 3 scrolls of amnesia {unknown}
 h - a scroll of teleportation {unknown}
 j - 2 scrolls of blinking {unknown}
 k - 4 scrolls of identify {unknown}
 l - a scroll of enchant armour {unknown}
 r - a scroll of poison {unknown}
Potions
 b - a potion of magic
 i - 2 potions of mutation {unknown}
 m - a potion of might {unknown}
 n - 2 potions of brilliance {unknown}
 o - a potion of invisibility {unknown}
 p - 2 potions of curing {unknown}


   Skills:
 - Level 2.1 Dodging
 - Level 2.2 Stealth
 + Level 3.0 Spellcasting
 + Level 2.7 Conjurations
 - Level 3.1 Fire Magic


You had 6 spell levels left.
You knew the following spells:

 Your Spells              Type           Power      Damage    Failure   Level
a - Foxfire               Conj/Fire      100%       2x1d9     2%          1
b - Scorch                Fire           60%        2d7       4%          2

Your spell library contained the following spells:

 Spells                   Type           Power      Damage    Failure   Level
 Cigotuvi's Dreadful Rot  Necr/Pois/Air  10%        N/A       14%         2
 Poisonous Vapours        Pois/Air       10%        N/A       14%         2
 Inner Flame              Hex/Fire       18%        N/A       16%         3
 Volatile Blastmotes      Fire/Tloc      36%        2d13      16%         3
 Mephitic Cloud           Conj/Pois/Air  13%        N/A       19%         3
 Flame Wave               Conj/Fire      28%        2d9       28%         4
 Dispel Undead            Necr           3%         3d7       67%         4
 Freezing Cloud           Conj/Ice/Air   14%        6-21      87%         5
 Death Channel            Necr           1%         N/A       100%        6


Dungeon Overview and Level Annotations

Branches:
Dungeon (3/15)

Annotations:
D:3 GeoRichter's ghost, amateur SpBe


Innate Abilities, Weirdness & Mutations

You have an increased reservoir of magic. (+10% MP)
You shall have no god before yourself.
Your divine heritage dramatically boosts your attributes as you level up.


Message History

The bullfrog skeleton hits you but does no damage.
The bullfrog skeleton attacks as you move away!
The bullfrog skeleton hits you.
The bullfrog skeleton closely misses you.
The bullfrog skeleton hits you.
Your magical contamination has completely faded away.
The wyvern zombie attacks as you move away!
The wyvern zombie closely misses you.
You feel a surge of power!
You conjure some foxfire!
The wyvern zombie bites you.
The foxfire hits the bullfrog skeleton.
The bullfrog skeleton is lightly damaged.
The wyvern zombie closely misses you.
Unknown command.
Your foxfire dissipates!
The bullfrog skeleton closely misses you.
Unknown command.
The bullfrog skeleton attacks as you move away!
The bullfrog skeleton barely misses you.
The wyvern zombie attacks as you move away!
The wyvern zombie bites you but does no damage.
The wyvern zombie completely misses you.
You feel a surge of power!
You conjure some foxfire!
The wyvern zombie bites you but does no damage.
The wyvern zombie bites you.
Unknown command.
The foxfire hits the wyvern zombie.
The wyvern zombie is lightly damaged.
The foxfire hits the wyvern zombie!
The wyvern zombie is moderately damaged.
The wyvern zombie attacks as you move away!
The wyvern zombie closely misses you. The wyvern zombie bites you.
You are too injured to fight recklessly!
Unknown command.
The wyvern zombie attacks as you move away!
The wyvern zombie bites you.
* * * LOW HITPOINT WARNING * * *
The wyvern zombie attacks as you move away!
The wyvern zombie bites you!
You die...

..##.....# ###.####
.........# ##...#
.........# ####..###
.........# #.....#
.........## #.##.<#
.........Z# #.##..#
...#...##.### ###.##..##
##.######..Z#
##...##...# #..#
###Z###.@###..#.# ##.#
#.##.Z####.##.# #.#
#.##Z## #..##.## #.#
###.##.####.###..# # #.#
#...........# ##.# # #.#
#..........## #.# # #.#
#..........# #.# # #.#
#........).#####.######
###.#
#..........#..........##


You could see a wyvern zombie and a bullfrog skeleton.

Vanquished Creatures
  A jelly (D:2)
  4 adders (D:2)
  An ufetubus (D:3)
  3 worms
  4 endoplasms
  5 giant cockroaches
  2 goblins
  5 hobgoblins
  20 jackals
  4 quokkas
  6 ball pythons
  5 bats
  A frilled lizard (D:1)
  4 rats
65 creatures vanquished.

Vanquished Creatures (others)
  350 foxfires
350 creatures vanquished.

Grand Total: 415 creatures vanquished

Notes
Turn   | Place    | Note
-------+----------+-------------------------------------------
     0 | D:1      | McKennaii the Demigod Fire Elementalist began the quest for
                  | the Orb.
     0 | D:1      | Reached XP level 1. HP: 14/14 MP: 5/5
    84 | D:1      | Reached skill level 1 in Conjurations
   288 | D:1      | Identified 3 scrolls of acquirement
   288 | D:1      | Acquired the +3 Elemental Staff {rElec rF+ rC+ AC+3}
   288 | D:1      | Found the +3 Elemental Staff {rElec rF+ rC+ AC+3}
   291 | D:1      | Acquired a +0 helmet of intelligence
   293 | D:1      | Acquired the ring "Tyopn" {Ice rElec rN+ MP+9 Int+2}
   503 | D:1      | Reached XP level 2. HP: 19/20 MP: 7/7
  1430 | D:2      | Reached XP level 3. HP: 26/26 MP: 8/8
  1919 | D:2      | Reached XP level 4. HP: 33/33 MP: 10/10
  1922 | D:2      | Learned a level 2 spell: Scorch
  2920 | D:3      | Found a runed translucent gate.
  2920 | D:3      | Found a runed translucent gate.
  2920 | D:3      | Found a runed translucent gate.
  2972 | D:3      | Noticed GeoRichter's ghost (amateur SpBe)
  3445 | D:3      | Slain by a wyvern zombie

Illustrated notes

Levels and vault maps discovered:
D:1:      spicycebolla_arrival_ecumenical, layout_loops_ring
D:2:      layout_basic
D:3:      layout_rooms, mainiacjoe_overflow_paths, gammafunk_ghost_necromancy

Skill      XL: |  1  2  3  4 |
---------------+-------------+-----
Conjurations   | 1 2 |  2.7
Stealth        | 2 |  2.2
Dodging        | 2 |  2.1
Spellcasting   | 2 3 |  3.0
Fire Magic     | 3 |  3.1

Action                     |  1- 3 |  4- 6 || total
---------------------------+-------+-------++-------
  Melee: Unarmed           |     1 |       ||     1
         Staff             |     6 |     3 ||     9
   Cast: Foxfire           |   110 |   111 ||   221
    Use: Scroll            |     3 |       ||     3
 Armour: Robe              |    12 |     9 ||    21
  Dodge: Dodged            |    20 |    34 ||    54
